 Dungeon Crawl Stone Soup version 0.27.0-1-g7a089689b8 (webtiles) character file.

Game seed: 194825885280430986

34 mandarbmax the Scratcher (level 3, -1/17 HPs)
             Began as a Felid Monk on July 31, 2021.
             Was an Initiate of Gozag.
             Slain by Terence (12 damage)
             ... on level 2 of the Dungeon.
             The game lasted 00:01:24 (1036 turns).

mandarbmax the Scratcher (Felid Monk)               Turns: 1036, Time: 00:01:25

Health: -1/17      AC:  1    Str:  7    XL:     3   Next: 14%
Magic:  4/4        EV: 19    Int: 17    God:    Gozag
Gold:   34         SH:  0    Dex: 19    Spells: 2/2 levels left
                                        Lives:  0   Deaths: 0

rFire    . . .     SeeInvis +     - Unarmed
rCold    . . .     Faith    .   (shield unavailable)
rNeg     . . .     Spirit   .   (armour unavailable)
rPois    .         Reflect  .   (helmet unavailable)
rElec    .         Harm     .   (cloak unavailable)
rCorr    .         Rampage  .   (gloves unavailable)
Will     +....                  (boots unavailable)
Stlth    ++........             b - amulet of magic regeneration
HPRegen  0.05/turn              d - +6 ring of intelligence
MPRegen  0.34/turn              e - ring of willpower

@: gold aura, quick
A: very small, claws 1, fangs 3, see invisible, speed 1, shaggy fur 1, stealthy
paws, no weapons or thrown items, no armour, multi-lived
a: Renounce Religion, Potion Petition, Call Merchant, Bribe Branch


You were on level 2 of the Dungeon.
You worshipped Gozag.
Gozag was noncommittal.
You visited 1 branch of the dungeon, and saw 2 of its levels.

You collected 34 gold pieces.

Inventory:

Jewellery
 b - an amulet of magic regeneration (around neck)
 d - a +6 ring of intelligence (left paw)
 e - a ring of willpower (right paw)
Potions
 a - a potion of haste {unknown}
 c - a potion of might {unknown}


   Skills:
 - Level 3.0 Fighting
 - Level 4.0 Dodging
 - Level 2.6 Stealth
 + Level 4.3 Unarmed Combat


You had 2 spell levels left.
You didn't know any spells.
Your spell library was empty.

Dungeon Overview and Level Annotations

Branches:
Dungeon (2/15)

Altars:
Gozag

Annotations:
D:2 Terence


Innate Abilities, Weirdness & Mutations

You have sharp claws.
You have razor-sharp teeth.
You have supernaturally acute eyesight. (SInv)
You cover ground quickly. (Speed+)
You are covered in fur. (AC +1)
Your paws help you pounce on unaware monsters.
You are incapable of wielding weapons or throwing items.
You cannot wear armour.
You gain extra lives every three experience levels.


Message History

No target in view!
No target in view!
No target in view!
No target in view!
No target in view!
No target in view!
You now have 34 gold pieces (gained 5).
You enter the shallow water.
Moving in this stuff is going to be slow.
Terence the Incautious comes into view.
He is wielding a +0 flail.
Found 26 stones.
Terence is nearby!
Terence is nearby!
Terence is nearby!
A ball python comes into view.
Terence shouts!
The ball python hisses angrily.
You aren't carrying any scrolls.
You closely miss Terence. Terence completely misses you.
You barely miss Terence. Terence completely misses you.
You scratch Terence but do no damage. You bite Terence, but do no damage.
Terence barely misses you.
You scratch Terence but do no damage. Terence misses you.
The ball python bites you. The ball python completely misses you.
Terence screams, "I want your blood!" The ball python closely misses you.
The ball python completely misses you.
You barely miss the ball python. Your bite misses the ball python.
The ball python misses you. x2
You scratch the ball python.
You kill the ball python!
You barely miss Terence. You bite Terence, but do no damage.
Terence hits you with a +0 flail.
You barely miss Terence.
Terence says, "Time to say good-bye..."
Terence closely misses you.
You claw Terence! You bite Terence, but do no damage.
Terence is heavily wounded.
Terence hits you with a +0 flail!
Ouch! That really hurt!
You die...
Your body crumbles into a pile of gold.

.....................<.##.###
#..........._....##....
##......<..............
###..............###...
#....>.............#...
#......###.#...###.....
.#...#.## #.#....# ##...
.........# #......####...
...##..#@###....#..##....
...#...#@##....###.#..[..
.....###.......###...##..
..#.......#.#...........
......#####..#...........
.#... #.................
........................ #.
.#.#........##....... #
#.....####.#........


You could see Terence.

Vanquished Creatures
  2 worms (D:2)
  An endoplasm (D:1)
  4 giant cockroaches (D:1)
  4 hobgoblins
  2 jackals (D:1)
  2 kobolds (D:1)
  A quokka (D:1)
  2 ball pythons (D:2)
  5 bats
  A rat (D:1)
24 creatures vanquished.

Vanquished Creatures (others)
  12 plants (D:2)
12 creatures vanquished.

Grand Total: 36 creatures vanquished

Notes
Turn   | Place    | Note
-------+----------+-------------------------------------------
     0 | D:1      | mandarbmax the Felid Monk began the quest for the Orb.
     0 | D:1      | Reached XP level 1. HP: 10/10 MP: 2/2
   214 | D:1      | Reached XP level 2. HP: 14/14 MP: 3/3
   689 | D:2      | Found an opulent altar of Gozag.
   694 | D:2      | Became a worshipper of Gozag Ym Sagoz the Greedy
   922 | D:2      | Reached XP level 3. HP: 17/17 MP: 4/4
  1008 | D:2      | Noticed Terence
  1036 | D:2      | Slain by Terence

Illustrated notes

Levels and vault maps discovered:
D:1:      lemuel_arrival_cross, layout_rooms, amcnicky_mini_corridor_feature
D:2:      layout_rooms, serial_bayou, serial_bayou_lake_a,
          serial_bayou_lagoon_b, serial_bayou_crossing, serial_bayou_pond_c,
          basic_altar, minivault_27, uniq_terence

Skill      XL: |  1  2 |
---------------+-------+-----
Unarmed Combat | 4 |  4.3
Fighting       | |  3.0
Dodging        | |  4.0
Stealth        | |  2.6

Action                   || total
-------------------------++-------
Melee: Unarmed           ||    73
       Bite              ||     8
       Punch             ||     1
 Stab: Sleeping          ||     4
Armor: Skin              ||     8
Dodge: Dodged            ||    77
